 Dungeon Crawl Stone Soup version 0.27-a0-1565-gad902ab807 (webtiles) character file.

Game seed: 17012564994978765407

6659 gruber the Covert (level 11, -4/69 HPs)
             Began as an Octopode Earth Elementalist on July 16, 2021.
             Engulfed by an ice statue's freezing vapour (20 damage)
             ... on level 8 of the Dungeon.
             The game lasted 00:18:54 (15229 turns).

gruber the Covert (Octopode Earth Elementalist)    Turns: 15229, Time: 00:18:55

Health: -4/69      AC:  1    Str:  7    XL:     11   Next: 3%
Magic:  8/17       EV: 30    Int: 20    God:
Gold:   368        SH:  0    Dex: 14    Spells: 10/18 levels left

rFire    . . .     SeeInvis .   L - +3 spear (venom)
rCold    . . .     Faith    .   (no shield)
rNeg     . . .     Spirit   .   (helmet restricted)
rPois    .         Reflect  .   J - amulet of the acrobat
rElec    .         Harm     .   (no ring)
rCorr    .         Rampage  .   (no ring)
Will     .....                  (no ring)
Stlth    +++++++...             (no ring)
HPRegen  0.21/turn              (no ring)
MPRegen  0.15/turn              (no ring)
                                (no ring)
                                (no ring)

@: acrobatic
A: almost no armour, amphibious, 8 rings, camouflage 1, gelatinous body 1,
nimble swimmer 1, tentacles
a: no special abilities


You were on level 8 of the Dungeon.
You visited 1 branch of the dungeon, and saw 8 of its levels.
You also visited: Ossuary.

You collected 368 gold pieces.

Inventory:

Hand Weapons
 i - a +4 dagger of freezing
 G - a +4 dagger of holy wrath
 I - a +2 quarterstaff of speed
 L - a +3 spear of venom (weapon)
Missiles
 a - 30 poisoned darts
 b - 23 stones
Jewellery
 C - an amulet of faith
 J - an amulet of the acrobat (around mantle)
Wands
 f - a wand of flame (16)
 B - a wand of iceblast (4)
 E - a wand of acid (15)
Scrolls
 c - 3 scrolls of fear {unknown}
 g - 2 scrolls of summoning {unknown}
 l - a scroll of teleportation {unknown}
 m - a scroll of torment {unknown}
 n - 9 scrolls of identify {unknown}
 o - a scroll of blinking {unknown}
 p - 3 scrolls of enchant armour {unknown}
 t - 4 scrolls of amnesia {unknown}
 w - 2 scrolls of immolation {unknown}
 y - 2 scrolls of magic mapping {unknown}
 D - a scroll of enchant weapon {unknown}
 F - a scroll of vulnerability {unknown}
 H - a scroll of noise {unknown}
Potions
 d - 5 potions of degeneration {unknown}
 e - 2 potions of mutation {unknown}
 h - 2 potions of resistance {unknown}
 j - 2 potions of attraction {unknown}
 k - 5 potions of curing {unknown}
 q - a potion of heal wounds {unknown}
 r - 2 potions of lignification {unknown}
 s - a potion of magic {unknown}
 u - a potion of brilliance {unknown}
 v - 2 potions of berserk rage {unknown}
 x - a potion of invisibility {unknown}
 z - 3 potions of ambrosia {unknown}
 A - a potion of might {unknown}
 K - a potion of haste {unknown}


   Skills:
 - Level 4.0 Fighting
 - Level 5.0 Dodging
 - Level 12.0 Stealth
 - Level 4.0 Spellcasting
 - Level 5.0 Conjurations
 - Level 1.0 Transmutations
 * Level 11.1 Earth Magic


You had 10 spell levels left.
You knew the following spells:

 Your Spells              Type           Power      Damage    Failure   Level
a - Sandblast             Erth           96%        2d20      1%          1
b - Stone Arrow           Conj/Erth      72%        3d11      1%          3
c - Petrify               Tmut/Erth      28%        N/A       11%         4

Your spell library contained the following spells:

 Spells                   Type           Power      Damage    Failure   Level
 Passwall                 Tmut/Erth      23%        N/A       1%          2
 Summon Small Mammal      Summ           16%        N/A       13%         1
 Conjure Flame            Conj/Fire      14%        6-21      14%         3
 Ignite Poison            Fire/Tmut/Pois 5%         N/A       32%         3
 Call Canine Familiar     Summ           4%         N/A       36%         3
 Ozocubu's Armour         Ice            4%         N/A       36%         3
 Summon Guardian Golem    Hex/Summ       4%         N/A       36%         3
 Sticky Flame             Conj/Fire      14%        2d4       41%         4
 Ozocubu's Refrigeration  Ice            2%         4d5       100%        7


Dungeon Overview and Level Annotations

Branches:
Dungeon (8/15)             Temple (0/1) D:4         Ossuary (visited)
   Lair: D:8-11

Altars:
Ashenzari
Fedhas
Qazlal
Ru
Yredelemnul
Zin
Beogh

Shops:
D:4 (   D:5 !

Annotations:
D:3 1 runed translucent door, Crazy Yiuf
D:5 3 runed translucent doors, p0werm0de's ghost, novice MiCK
D:7 3 runed translucent doors, kr4n3x's ghost, novice BaFi
D:8 exclusion: ice statue


Innate Abilities, Weirdness & Mutations

You cannot wear most types of armour.
You are amphibious.
You can wear up to eight rings at the same time.
Your skin changes colour to match your surroundings (Stealth+).
Your rubbery body absorbs attacks. (AC +1, EV +1)
You are camouflaged near water. (Stealth+)
You have tentacles for arms and can constrict up to eight enemies at once.


Message History

The stone arrow hits the ice devil.
You kill the ice devil!
Your Earth Magic skill increases to level 11!
You have reached level 11!
You start resting.
The ice statue glitters chillingly in the dim dungeon light. x5
Magic restored.
You start resting.
The ice statue glitters chillingly in the dim dungeon light. x8
HP restored.
Really swim into a travel-excluded area?
Casting: Stone Arrow (safe; 1% risk of failure)
Confirm with . or Enter, or press ? or * to list all spells.
Aiming: Stone Arrow (safe; 1% risk of failure)
Press: ? - help, Shift-Dir - straight line, f - ice statue
Aim: an ice statue (100% to hit)
The stone arrow hits the ice statue!
The ice statue is lightly damaged.
Unknown command.
Unknown command.
Casting: Stone Arrow (safe; 1% risk of failure)
Confirm with . or Enter, or press ? or * to list all spells.
Aiming: Stone Arrow (safe; 1% risk of failure)
Press: ? - help, Shift-Dir - straight line, f/p - ice statue
Aim: an ice statue (lightly damaged, 100% to hit)
The stone arrow hits the ice statue!
The ice statue is moderately damaged.
The ice statue gestures at you. The freezing blast engulfs you!!
Casting: Stone Arrow (safe; 1% risk of failure)
Confirm with . or Enter, or press ? or * to list all spells.
Aiming: Stone Arrow (safe; 1% risk of failure)
Press: ? - help, Shift-Dir - straight line, f/p - ice statue
Aim: an ice statue (moderately damaged, 100% to hit)
The stone arrow hits the ice statue!
The ice statue is moderately damaged.
You are engulfed in freezing vapours.
* * * LOW HITPOINT WARNING * * *
You are engulfed in freezing vapours.
You die...

#.# ##..≈≈≈.....≈≈≈......####.#
#.# ##..≈≈≈.##.##.≈≈≈........#.#
#.# #..#≈≈..#?$$#..≈≈#......##.#
#.###.##≈≈...(8?...≈≈##.....##.#
...##..#≈≈..#!$[#..≈≈#.......(.#
...###..≈≈≈.##.##.≈≈≈........###
(..#.....≈≈≈..☼☼○≈≈≈.......###
.....##..##≈≈.☼☼§○##......##
....###.###≈≈≈○☼@≈###....##
...####.##..≈≈≈≈≈..##....#
.............###........^#
)..#########..#..#####...# ...#
##............# ...#
##...#####...# #### ##### #####


You could see an ice statue.

Vanquished Creatures
  2 two-headed ogres (D:8)
  Pikel (D:5)
  6 ice devils (D:8)
  Sigmund (D:3)
  Edmund (D:5)
  Duvessa (D:4)
  2 necrophages
  A sky beast (D:7)
  A hornet zombie (D:8)
  An ice beast (D:7)
  A black bear (D:4)
  3 ogres
  2 centaurs
  4 lemures
  A bullfrog (D:7)
  A gnoll sergeant (D:8)
  A kobold brigand (D:6)
  A wyvern zombie (D:5)
  A scorpion (D:5)
  Dowan (D:4)
  A wyvern skeleton (D:6)
  6 water moccasin zombies
  A water moccasin skeleton (D:4)
  6 killer bees (D:7)
  A howler monkey (D:6)
  A centaur zombie (D:6)
  3 jellies
  A bullfrog zombie (D:5)
  3 centaur skeletons
  3 hounds
  3 orc priests
  2 bullfrog skeletons
  2 iguanas
  5 orc wizards
  A killer bee zombie (D:6)
  3 mummies
  A howler monkey zombie (D:5)
  Robin (D:3)
  6 gnolls
  6 adders
  4 shadow imps
  3 white imps
  7 ufetubi
  4 adder zombies (Ossuary)
  2 adder skeletons (D:4)
  A worm (D:2)
  3 dart slugs
  22 orcs
  13 ball pythons
  7 bats (D:1)
  10 endoplasms
  4 giant cockroaches
  16 goblins
  5 hobgoblins
  14 jackals
  10 kobolds
  4 quokkas
  4 frilled lizards
  2 hobgoblin zombies (Ossuary)
  8 kobold zombies (Ossuary)
  7 orc zombies (Ossuary)
  8 rats
  A spectral kobold (D:2)
248 creatures vanquished.

Notes
Turn   | Place    | Note
-------+----------+-------------------------------------------
     0 | D:1      | gruber the Octopode Earth Elementalist began the quest for
                  | the Orb.
     0 | D:1      | Reached XP level 1. HP: 11/11 MP: 3/3
   393 | D:1      | Reached XP level 2. HP: 17/17 MP: 5/5
   862 | D:1      | Reached XP level 3. HP: 18/21 MP: 6/6
  1530 | D:2      | Found a faded altar of an unknown god.
  1940 | D:2      | Reached XP level 4. HP: 17/27 MP: 7/7
  2162 | D:2      | Found a basalt altar of Yredelemnul.
  2875 | D:3      | Noticed an ogre
  3174 | D:3      | Noticed Sigmund
  3183 | D:3      | Killed Sigmund
  3184 | D:3      | Reached skill level 5 in Earth Magic
  3184 | D:3      | Reached XP level 5. HP: 3/31 MP: 3/10
  3184 | D:3      | Reached XP level 6. HP: 3/36 MP: 3/11
  3458 | D:2      | Learned a level 3 spell: Stone Arrow
  3463 | D:2      | Learned a level 4 spell: Petrify
  3589 | D:3      | Found a runed translucent door.
  3590 | D:3      | Noticed Crazy Yiuf
  3812 | D:3      | Noticed Robin
  3835 | D:3      | Killed Robin
  4349 | D:3      | You fall into a shaft and drop 1 floor!
  4361 | D:4      | Found a sand-covered staircase.
  4372 | Ossuary  | Entered an ossuary
  4595 | Ossuary  | Reached XP level 7. HP: 27/41 MP: 9/13
  4717 | Ossuary  | Reached skill level 1 in Conjurations
  5442 | D:4      | Reached XP level 8. HP: 19/46 MP: 11/14
  5607 | D:4      | Found Geereqofoch's Antique Weapon Boutique.
  5916 | D:4      | Noticed Dowan
  6244 | D:4      | Noticed Duvessa
  6256 | D:4      | Killed Duvessa
  6266 | D:5      | Entered Level 5 of the Dungeon
  6331 | D:4      | Killed Dowan
  6332 | D:4      | Reached skill level 5 in Conjurations
  6456 | D:4      | Found a staircase to the Ecumenical Temple.
  7034 | D:5      | Found a blossoming altar of Fedhas.
  7081 | D:5      | Found Tuonid's Distillery.
  7315 | D:5      | Found a runed translucent gate.
  7315 | D:5      | Found a runed translucent gate.
  7315 | D:5      | Found a runed translucent gate.
  7315 | D:5      | Noticed p0werm0de's ghost (novice MiCK)
  7319 | D:5      | Found a basalt altar of Yredelemnul.
  7350 | D:5      | HP: 1/44 [necrophage (2)]
  7766 | D:5      | Found a stormy altar of Qazlal.
  7777 | D:5      | Reached XP level 9. HP: 16/51 MP: 13/15
  8151 | D:5      | Reached skill level 10 in Earth Magic
  8336 | D:5      | Identified the +0 cloak "Vadi" {rC+ rN+ SInv Stlth+}
  8397 | D:5      | Noticed Pikel
  9225 | D:5      | Noticed Edmund
  9230 | D:5      | Killed Edmund
  9231 | D:5      | Reached skill level 1 in Fighting
  9661 | D:5      | Killed Pikel
 10813 | D:6      | Reached skill level 5 in Dodging
 10845 | D:7      | Reached skill level 3 in Stealth
 10865 | D:7      | Reached skill level 4 in Stealth
 10884 | D:7      | Found a runed translucent gate.
 10885 | D:7      | Found a runed translucent gate.
 10887 | D:7      | Found a runed translucent gate.
 10888 | D:7      | Noticed kr4n3x's ghost (novice BaFi)
 10890 | D:7      | Identified the +9 plate armour "Miell" {Harm rElec rC+}
 11191 | D:7      | Reached skill level 5 in Stealth
 11489 | D:7      | Reached skill level 6 in Stealth
 11489 | D:7      | Reached XP level 10. HP: 58/63 MP: 13/16
 11569 | D:7      | Reached skill level 7 in Stealth
 11940 | D:7      | Reached skill level 8 in Stealth
 12262 | D:8      | Noticed a two-headed ogre
 12311 | D:8      | Found a sacrificial altar of Ru.
 12311 | D:8      | Found a broken altar of Ashenzari.
 12366 | D:8      | Noticed a two-headed ogre
 12429 | D:8      | Noticed an ice statue
 12640 | D:8      | Killed a two-headed ogre
 12641 | D:8      | Reached skill level 9 in Stealth
 12851 | D:8      | Reached skill level 10 in Stealth
 13088 | D:8      | Found a glowing silver altar of Zin.
 13098 | D:8      | Killed a two-headed ogre
 13099 | D:8      | Reached skill level 11 in Stealth
 13244 | D:8      | Identified the +2 robe of Pibera {rElec rF- SInv}
 13807 | D:8      | Reached skill level 12 in Stealth
 15038 | D:8      | Reached XP level 11. HP: 30/69 MP: 2/17
 15229 | D:8      | Engulfed by an ice statue's freezing vapour

Illustrated notes

Levels and vault maps discovered:
D:1:      dpeg_arrival_orchard, layout_basic, st_stairs_10
D:2:      minmay_recursive_quarters, layout_basic, basic_altar,
          dreamdust_ecumenical_altar_drowned_temple
D:3:      layout_rooms, uniq_robin, uniq_sigmund, uniq_crazy_yiuf_cottage
D:4:      layout_cave_pools, temple_hall, gup_ossuary_entry_pyramid,
          serial_shops, shop_fountains, uniq_duvessa
D:5:      minmay_angry_zag, layout_loops_ring, nicolae_yredelemnul_ghost_church,
          general_overflow_altar, grunt_qazlal_clouds, serial_shops, shop,
          nicolae_zen_rock_garden, uniq_edmund, uniq_pikel
D:6:      layout_loops_ring
D:7:      layout_loops_ring, biasface_ghost_orc_armoury
D:8:      cheibrodos_frozen_isle, layout_rooms, zin_academy,
          gammafunk_temple_overflow_statue

Skill      XL: |  1  2  3  4  5  6  7  8  9 10 |
---------------+-------------------------------+-----
Earth Magic    | 4 5 6 8 9 10 11 | 11.1
Spellcasting   | 3 4 |  4.0
Conjurations   | 2 5 |  5.0
Fighting       | 4 |  4.0
Dodging        | 5 |  5.0
Stealth        | 6 12 | 12.0
Transmutations | |  1.0

Action                   |  1- 3 |  4- 6 |  7- 9 | 10-12 || total
-------------------------+-------+-------+-------+-------++-------
Melee: Unarmed           |     9 |       |       |       ||     9
       Constrict         |    20 |    28 |    37 |     1 ||    86
       Tentacles         |    10 |    12 |    36 |     3 ||    61
       Short sword       |    39 |       |     6 |       ||    45
       Dagger            |    22 |    88 |   163 |     6 ||   279
       Spear             |       |       |       |    17 ||    17
Throw: Dart              |       |       |       |     1 ||     1
 Cast: Sandblast         |    16 |    44 |   133 |    27 ||   220
       Stone Arrow       |       |     1 |     1 |    83 ||    85
       Petrify           |       |       |       |     5 ||     5
 Stab: Sleeping          |     7 |     8 |     3 |     1 ||    19
       Distracted        |       |       |       |     1 ||     1
       Petrifying        |       |       |       |     1 ||     1
Armor: Skin              |    11 |    11 |    10 |     1 ||    33
Dodge: Dodged            |    67 |    69 |   147 |    11 ||   294

Table legend: (Time is in decaauts)
 A = Elapsed time spent in this place.
 B = Non-inter-level travel time spent in this place.
 C = Inter-level travel time spent in this place.
 D = Time resting spent in this place.
 E = Time spent auto-exploring this place.
 F = Levels seen in this place.
 G = Mean time per level.
                   A        B        C        D        E       F      G
               +--------+--------+--------+--------+--------+-----+--------+
         Total |  15239 |  14795 |    444 |   3421 |   9373 |   9 | 1693.2 |
       Dungeon |  14481 |  14037 |    444 |   3421 |   8697 |   8 | 1810.1 |
       Ossuary |    758 |    758 |      0 |      0 |    676 |   1 |  758.0 |
               +--------+--------+--------+--------+--------+-----+--------+

Top non-repeatable levels by time:
     D:8: 2417 daAuts
     D:5: 2321 daAuts
     D:2: 2098 daAuts
     D:4: 2089 daAuts
     D:7: 1973 daAuts
     D:1: 1332 daAuts
     D:6: 1171 daAuts
     D:3: 1077 daAuts
 Ossuary: 758 daAuts
